 Dungeon Crawl Stone Soup version 0.29.1-15-g9cfb28693d (webtiles) character file.

Game seed: 2267665632728394737

14720 Cheops the Brawler (level 12, -7/89 HPs)
             Began as a Ghoul Monk on Apr 28, 2023.
             Was an Initiate of Ru.
             Collided with a crystal wall (10 damage)
             ... caused by a wretched star
             ... on level 2 of the Abyss.
             The game lasted 00:46:13 (9687 turns).

Cheops the Brawler (Ghoul Monk)                     Turns: 9687, Time: 00:46:13

Health: -7/89      AC: 13    Str: 24    XL:     12   Next: 19%
Magic:  11/11      EV: 14    Int:  5    God:    Ru [......]
Gold:   255        SH:  0    Dex: 22    Spells: 11/11 levels left

rFire   + + +      SeeInvis .     - Unarmed
rCold   + + .      Faith    .   z - +1 buckler
rNeg    + + +      Spirit   .   C - +6 scale mail "Ucefok" {Str+2 Dex+7}
rPois   ∞          Reflect  .   (no helmet)
rElec   +          Harm     .   (no cloak)
rCorr   +          Rampage  .   (no gloves)
Will    .....                   (no boots)
Stlth   ..........              g - amulet of regeneration
HPRegen 0.00/turn               e - +6 ring of strength
MPRegen 0.12/turn               I - ring "Acixki" {rPois rF++}

@: confused, mighty, resistant, ambrosia-drunk, inhibited regen, studying
Polearms
A: claws 1, cold resistance 1, negative energy resistance 3, inhibited
regeneration, torment resistance 2, no stealth, devour on kill
a: Renounce Religion


You were on level 2 of the Abyss.
You worshipped Ru.
Ru was noncommittal.
You visited 1 branch of the dungeon, and saw 10 of its levels.
You visited the Abyss 1 time.
You also visited: Bailey.

You collected 535 gold pieces.
You spent 280 gold pieces at shops.

Inventory:

Hand Weapons
 b - a +1 short sword of venom
 i - a +1 dagger of venom
 N - the +6 quarterstaff "Birat" {elec, rCorr}
   (You found it on level 9 of the Dungeon)

   It occasionally discharges a powerful burst of electricity upon striking a
   foe.
   rCorr:     It protects you from acid and corrosion.
Armour
 a - an orb of mayhem
 m - the +18 shield of the Gong {rElec rN+ Will+ EV-5}
   (You found it in a bailey)

   It is deafeningly noisy when blocking attacks.
   EV:        It affects your evasion (-5).
   rElec:     It insulates you from electricity.
   rN:        It protects you from negative energy.
   Will:      It increases your willpower.
 p - a +0 leather armour of fire resistance
 w - a +3 chain mail
 z - a +1 buckler (worn)
 C - the +6 scale mail "Ucefok" (worn) {Str+2 Dex+7}
   (You found it on level 6 of the Dungeon)

   Str:       It affects your strength (+2).
   Dex:       It affects your dexterity (+7).
 J - a +1 leather armour of cold resistance
 K - a +0 cloak
Magical Staves
 t - a staff of earth
Jewellery
 c - an amulet of the acrobat
 e - a +6 ring of strength (left claw)
 g - an amulet of regeneration (around neck)
 n - a ring of protection from cold
 E - an amulet of guardian spirit
 I - the ring "Acixki" (right claw) {rPois rF++}
   (You found it on level 8 of the Dungeon)

   [ring of poison resistance]

   rF:        It greatly protects you from fire.
   rPois:     It protects you from poison.
Wands
 u - a wand of iceblast (1)
 x - a wand of flame (11)
 A - a wand of mindburst (7)
 G - a wand of charming (8)
Scrolls
 d - 5 scrolls of blinking {unknown}
 f - 2 scrolls of enchant armour
 j - a scroll of brand weapon
 o - 3 scrolls of fear
 q - a scroll of butterflies
 y - a scroll of teleportation
 H - 3 scrolls of poison {unknown}
 L - a scroll of immolation {unknown}
Potions
 h - 2 potions of might
 l - a potion of cancellation {unknown}
 r - 2 potions of curing
 s - a potion of ambrosia
 B - 2 potions of flight {unknown}
 D - 3 potions of haste
 F - a potion of magic
 M - a potion of brilliance {unknown}


   Skills:
 - Level 3.2 Fighting
 - Level 4.3 Armour
 - Level 6.0 Dodging
 - Level 3.0 Shields
 * Level 17.1 Unarmed Combat
 + Level 7.0 Evocations


You had 11 spell levels left.
You didn't know any spells.
Your spell library contained the following spells:

 Spells                   Type           Power      Damage    Failure   Level
 Apportation              Tloc           0%         N/A       86%         1
 Foxfire                  Conj/Fire      0%         2x1d4     86%         1
 Necrotise                Necr           0%         1d4       86%         1
 Sandblast                Erth           0%         2d4       86%         1
 Shock                    Conj/Air       0%         1d3       86%         1
 Summon Small Mammal      Summ           0%         N/A       86%         1
 Passwall                 Tmut/Erth      0%         N/A       94%         2
 Poisonous Vapours        Pois/Air       0%         N/A       94%         2
 Conjure Flame            Conj/Fire      0%         6-21      99%         3
 Frozen Ramparts          Ice            0%         1d1       99%         3
 Inner Flame              Hex/Fire       0%         N/A       99%         3
 Ozocubu's Armour         Ice            0%         N/A       99%         3
 Stone Arrow              Conj/Erth      0%         3d7       99%         3
 Corpse Rot               Necr/Pois/Air  0%         N/A       100%        4
 Flame Wave               Conj/Fire      0%         2d4       100%        4
 Summon Ice Beast         Ice/Summ       0%         N/A       100%        4
 Simulacrum               Ice/Necr       0%         N/A       100%        6
 Starburst                Conj/Fire      0%         6d3       100%        6
 Ozocubu's Refrigeration  Ice            0%         4d7       100%        7


Dungeon Overview and Level Annotations

Branches:
Dungeon (10/15)            Temple (0/1) D:6            Lair (0/5) D:10
    Orc (0/2) D:9          Bailey (visited)

Altars:
Kikubaaqudgha
Nemelex Xobeh
Okawaru
Ru
Sif Muna
Trog
Xom

Shops:
D:6 !(


Innate Abilities, Weirdness & Mutations

You are immune to poison.
You have sharp fingernails.
Your flesh is cold resistant. (rC+)
You are immune to negative energy. (rN+++)
You do not regenerate when monsters are visible.
You are immune to unholy pain and torment.
You cannot be stealthy.
You thrive by killing the living.


Message History

You feel very mighty all of a sudden. The balrug gestures at you.
The bolt of fire hits you. You resist.
* * * LOW HITPOINT WARNING * * *
The bolt of fire hits you. You resist.
* * * LOW HITPOINT WARNING * * *
The bolt of fire hits the balrug.
The balrug completely resists.
You closely miss the balrug.
The balrug is heavily wounded.
The balrug gestures at you. You block the sticky flame.
You eviscerate the balrug!!!
The balrug is almost dead.
The balrug gestures at you.
The sticky flame hits you but does no damage.
You resist.
You are covered in liquid flames!
You claw the balrug!
You kill the balrug!
You are covered in liquid flames!
You feel your dexterity returning.
Your Unarmed Combat skill increases to level 17!
Your Evocations skill increases to level 7!
You are confused.
You feel invigorated.
You are covered in liquid flames!
You are no longer on fire.
A thrashing horror comes into view.
A starcursed mass splits.
The thrashing horror roars!
A starcursed mass splits.
The starcursed mass touches you but does no damage.
A wretched star comes into view.
A starcursed mass splits.
The wretched star glows turbulently.
The lance of force hits you!!
* * * LOW HITPOINT WARNING * * *
You are knocked back by the lance of force.
You slam into the crystal wall!
You die...

... ... # .#.##
.### . .####..#
# . #. . # #
##...# #. # ##
...###... ##.#
. # #.#.# . # #
# #
##..#.########
##.XX#@..*..#
#...#X.###.....
##..X.)# ###
#.###.#.... #
## #..#~.# ...
##.≈~~# ..
.~≈~~. ≈≈ ≈≈#.
.X#..#..#


You could see 2 starcursed masses and a wretched star.

Vanquished Creatures
  A balrug (Abyss:2)
  A centaur warrior (D:8)
  2 two-headed ogres
  Amaemon (D:9)
  An orc knight (Bailey)
  Pikel (D:7)
  A cyclops (D:6)
  A manticore (D:6)
  Maurice (D:9)
  An orange demon (D:9)
  A smoke demon (Abyss:2)
  An unseen horror (D:8)
  A kobold demonologist (D:10)
  A komodo dragon (D:10)
  A troll (D:9)
  A blink frog (Abyss:2)
  A wyvern (D:8)
  A shadow (D:9)
  12 yaks
  A vampire (D:6)
  A small abomination (Abyss:2)
  Menkaure (D:5)
  2 acid dragons (D:10)
  An ice beast (D:6)
  17 orc warriors
  A sky beast (D:8)
  2 black bears
  3 ogres
  6 centaurs
  4 gnoll sergeants
  5 bullfrogs
  3 scorpions
  9 wights
  3 killer bees (D:8)
  2 howler monkeys
  4 orc priests
  4 hounds
  4 jellies
  4 iguanas
  Ijyb (D:5)
  Natasha (thrice) (D:4)
  4 orc wizards
  18 gnolls
  2 adders
  2 shadow imps (D:6)
  2 white imps
  An ufetubus (D:4)
  7 worms
  3 dart slugs
  31 orcs
  8 ball pythons
  8 endoplasms
  5 giant cockroaches
  7 goblins
  11 hobgoblins
  3 jackals (D:3)
  5 bats
  2 frilled lizards
  15 kobolds
  6 rats
252 creatures vanquished.

Vanquished Creatures (collateral kills)
  A yak (D:10)
1 creature vanquished.

Vanquished Creatures (others)
  A human (D:6)
  3 fungi (D:10)
  5 plants (D:10)
9 creatures vanquished.

Grand Total: 262 creatures vanquished

Notes
Turn   | Place    | Note
-------+----------+-------------------------------------------
     0 | D:1      | Cheops the Ghoul Monk began the quest for the Orb.
     0 | D:1      | Reached XP level 1. HP: 19/19 MP: 0/0
   159 | D:1      | Reached XP level 2. HP: 25/26 MP: 1/1
   368 | D:1      | Reached skill level 4 in Unarmed Combat
   743 | D:1      | Reached XP level 3. HP: 26/31 MP: 2/2
  2014 | D:3      | Reached XP level 4. HP: 36/38 MP: 3/3
  2119 | D:3      | Found a faded altar of an unknown god.
  2120 | D:3      | Noticed an eye of devastation
  2122 | D:3      | Noticed a golden eye
  2129 | D:3      | Noticed a great orb of eyes
  2208 | D:3      | Noticed a golden eye
  2225 | D:3      | Reached skill level 5 in Unarmed Combat
  2539 | D:3      | Reached XP level 5. HP: 44/45 MP: 4/4
  2840 | D:4      | Noticed Natasha
  2847 | D:4      | Killed Natasha
  2929 | D:4      | Reached skill level 6 in Unarmed Combat
  2969 | D:4      | Reached XP level 6. HP: 19/51 MP: 5/5
  3267 | D:4      | Noticed Natasha
  3283 | D:4      | Killed Natasha
  3526 | D:4      | Noticed Natasha
  3539 | D:4      | Killed Natasha
  3788 | D:5      | Entered Level 5 of the Dungeon
  3788 | D:5      | Noticed Ijyb
  3946 | D:5      | Reached skill level 7 in Unarmed Combat
  3946 | D:5      | Reached XP level 7. HP: 28/57 MP: 6/6
  4058 | D:5      | Noticed Menkaure
  4101 | D:4      | Reached skill level 8 in Unarmed Combat
  4111 | D:4      | Reached skill level 5 in Dodging
  4203 | D:5      | Found a sacrificial altar of Ru.
  4218 | D:5      | Killed Ijyb
  4250 | D:5      | Became a worshipper of Ru the Awakened
  4355 | D:5      | Killed Menkaure
  4356 | D:5      | Reached XP level 8. HP: 32/63 MP: 7/7
  4383 | D:5      | Reached skill level 9 in Unarmed Combat
  4522 | D:5      | Found a shimmering altar of Xom.
  4703 | D:6      | Found Fuddaki's Weapon Boutique.
  4765 | D:6      | Found a staircase to the Ecumenical Temple.
  4779 | D:6      | Reached skill level 1 in Shields
  4806 | D:6      | Noticed a vampire
  4822 | D:6      | Killed a vampire
  4923 | D:6      | Reached skill level 10 in Unarmed Combat
  4923 | D:6      | Reached XP level 9. HP: 59/70 MP: 8/8
  5030 | D:6      | Identified the +6 scale mail "Ucefok" {Str+2 Dex+7}
  5240 | D:6      | Found Piodin's Distillery.
  5251 | D:6      | Bought a potion of haste for 140 gold pieces
  5394 | D:6      | Noticed a manticore
  5395 | D:6      | Noticed a cyclops
  5467 | D:6      | Killed a cyclops
  5468 | D:6      | Reached skill level 11 in Unarmed Combat
  5479 | D:6      | Killed a manticore
  5480 | D:6      | Reached skill level 12 in Unarmed Combat
  5638 | D:6      | Found an ancient bone altar of Kikubaaqudgha.
  5985 | D:6      | Bought a potion of heal wounds for 70 gold pieces
  5985 | D:6      | Bought a potion of heal wounds for 70 gold pieces
  6104 | D:7      | Reached skill level 1 in Armour
  6428 | D:7      | Noticed Pikel
  6438 | D:7      | Killed Pikel
  6439 | D:7      | Reached skill level 13 in Unarmed Combat
  6439 | D:7      | Reached XP level 10. HP: 56/77 MP: 9/9
  6901 | D:8      | Killed an unseen horror
  6959 | D:8      | Noticed a centaur warrior
  6965 | D:8      | Killed a centaur warrior
  6966 | D:8      | Reached skill level 14 in Unarmed Combat
  7002 | D:8      | Noticed a two-headed ogre
  7008 | D:8      | Killed a two-headed ogre
  7023 | D:8      | Got the Compendium of Firn and Bolts
  7052 | D:8      | Found an iron altar of Okawaru.
  7201 | D:8      | Identified the ring "Acixki" {rPois rF++}
  7301 | D:8      | Found a sparkling altar of Nemelex Xobeh.
  7550 | D:9      | Noticed Maurice
  7655 | D:9      | Found a staircase to the Orcish Mines.
  7859 | D:9      | Reached XP level 11. HP: 51/82 MP: 10/10
  7935 | D:9      | Noticed a two-headed ogre
  7945 | D:9      | Found a bloodstained altar of Trog.
  7958 | D:9      | Killed a two-headed ogre
  7959 | D:9      | Reached skill level 15 in Unarmed Combat
  7985 | D:9      | Killed Maurice
  7999 | D:9      | Reached skill level 5 in Evocations
  8186 | D:9      | Identified the +1 whip "Konuest" {flame, rC+ Str+3}
  8232 | D:9      | Noticed Amaemon
  8251 | D:9      | Killed Amaemon
  8375 | D:9      | Identified the +6 quarterstaff "Birat" {elec, rCorr}
  8517 | D:10     | Entered Level 10 of the Dungeon
  8522 | D:10     | Found a flagged portal.
  8541 | D:10     | Found a shimmering blue altar of Sif Muna.
  8558 | D:10     | Reached skill level 16 in Unarmed Combat
  8588 | Bailey   | Entered a bailey
  9062 | Bailey   | Found the +18 shield of the Gong {rElec rN+ Will+ EV-5}
  9062 | Bailey   | Noticed an orc knight
  9071 | Bailey   | Killed an orc knight
  9237 | D:10     | Reached XP level 12. HP: 67/89 MP: 11/11
  9278 | D:10     | Identified the +3 robe of the Constellations {SInv}
  9327 | D:10     | Found a staircase to the Lair.
  9553 | Abyss:2  | Cast into level 2 of the Abyss (a wizard)
  9571 | Abyss:2  | Noticed a thrashing horror
  9587 | Abyss:2  | Gained mutation: You cannot be stealthy. [Ru sacrifice]
  9663 | Abyss:2  | Noticed a balrug
  9671 | Abyss:2  | Noticed a thrashing horror
  9676 | Abyss:2  | Noticed a starcursed mass
  9683 | Abyss:2  | Killed a balrug
  9684 | Abyss:2  | Reached skill level 17 in Unarmed Combat
  9684 | Abyss:2  | Noticed a thrashing horror
  9686 | Abyss:2  | Noticed a wretched star
  9687 | Abyss:2  | HP: 3/89 [wretched star/lance of force (25)]
  9687 | Abyss:2  | Collided with a crystal wall

Illustrated notes

Levels and vault maps discovered:
D:1:      elethiomel_arrival_infinity_welcomes_careful_drivers, layout_rooms,
          serial_co_window_serial, co_window_cross_1, co_window_corner_a,
          co_window_paths_a, co_window_paths_b, co_window_paths_a,
          co_window_corner_b, co_window_2corner, co_window_broadway_b,
          co_window_2corner, co_window_paths_e, co_window_paths_d
D:2:      layout_loops_ring, kennysheep_doodads
D:3:      layout_loops_ring, hellmonk_ecumenical_altar_watching_god
D:4:      layout_loops_corners, hangedman_decor_slide_cut, minmay_statues_item,
          kennysheep_decorative_pillar, hangedman_feature_mirror,
          chequers_serial_rivers_small_a, kennysheep_generic_room_16,
          uniq_natasha
D:5:      layout_rooms, lemuel_doored_altar,
          nicolae_ru_great_annihilating_truth, uniq_menkaure, uniq_ijyb
D:6:      minmay_cornered_nines, layout_layer_cave, tgw_kikubaaqudgha,
          minmay_temple_entry_drinking_statues, serial_shops, shop, shop
D:7:      layout_rooms, uniq_pikel
D:8:      layout_basic, okawaru_ov_weapons_minmay, lemuel_tele_altar,
          minmay_diamond_spiral
D:9:      layout_basic, mainiacjoe_overflow_brackets, orc_0_dummy,
          small_chamber_with_monster, uniq_maurice, uniq_amaemon
D:10:     layout_basic, nicolae_sif_muna_condensation,
          grunt_lair_entry_orc_guard_hut, enter_bailey_2, laboratory
Abyss:2:  base: D:10, hangedman_abyss_or_decor_jellyfish_corner

Skill      XL: |  1  2  3  4  5  6  7  8  9 10 11 12 |
---------------+-------------------------------------+-----
Dodging        | 3 4 5 6 |  6.0
Unarmed Combat | 4 5 6 7 8 10 13 14 16 17 | 17.1
Shields        | 3 |  3.0
Armour         | 3 4 |  4.3
Evocations     | 4 6 7 |  7.0
Stealth        | 0 |  0.0
Fighting       | |  3.2

Action                   |  1- 3 |  4- 6 |  7- 9 | 10-12 || total
-------------------------+-------+-------+-------+-------++-------
Melee: Unarmed           |   106 |   153 |   216 |   411 ||   886
       Punch             |     2 |     8 |     3 |       ||    13
Throw: Throwing net      |       |       |       |     1 ||     1
Invok: Reject Sacrifices |       |       |     1 |       ||     1
       Sacrifice Stealth |       |       |       |     1 ||     1
Evoke: Wand              |       |       |    12 |    22 ||    34
  Use: Scroll            |       |    10 |     3 |     4 ||    17
       Potion            |       |       |     8 |     6 ||    14
 Stab: Sleeping          |     5 |     4 |       |     1 ||    10
       Invisible         |       |       |     1 |       ||     1
       Paralysed         |       |       |     1 |       ||     1
Armor: Robe              |     8 |       |       |       ||     8
       Leather armour    |     7 |    12 |    10 |       ||    29
       Scale mail        |       |       |    20 |   138 ||   158
Dodge: Dodged            |    66 |    63 |   149 |   266 ||   544
Block: Buckler           |       |       |    32 |   152 ||   184
